 Dungeon Crawl Stone Soup version 0.30-a0-726-gd89dcf765f (webtiles) character file.

Game seed: 3738938557323314268

46 Bnni the Trooper (level 3, -10/29 HPs)
             Began as a Demonspawn Fighter on Jan 29, 2023.
             Mangled by Crazy Yiuf
             ... wielding a +2 quarterstaff of chaos
              (12 damage)
             ... on level 2 of the Dungeon.
             The game lasted 00:01:18 (1561 turns).

Bnni the Trooper (Demonspawn Fighter)               Turns: 1561, Time: 00:01:18

Health: -10/29     AC:  9    Str: 18    XL:     3   Next: 46%
Magic:  3/3        EV:  9    Int:  9    God:
Gold:   108        SH:  4    Dex: 12    Spells: 2/2 levels left

rFire   . . .      SeeInvis .    a - +0 trident
rCold   . . .      Faith    .    c - +0 buckler
rNeg    . . .      Spirit   .    b - +0 scale mail
rPois   .          Reflect  .    n - +0 helmet
rElec   .          Harm     .    (no cloak)
rCorr   .          Rampage  .    (no gloves)
Will    .....                    (no boots) Stlth
                                 (no amulet)
HPRegen 0.24/turn                (no ring)
MPRegen 0.08/turn                (no ring)

@: lethally poisoned (-10 -> -28), flying
A: icy blue scales 1, spiny 1
a: no special abilities


You were on level 2 of the Dungeon.
You visited 1 branch of the dungeon, and saw 2 of its levels.

You collected 108 gold pieces.

Inventory:

Hand Weapons
 a - a +0 trident (weapon)
Armour
 b - a +0 scale mail (worn)
 c - a +0 buckler (worn)
 n - a +0 helmet (worn)
Jewellery
 h - a ring of magical power
Scrolls
 e - a scroll of teleportation {unknown}
 f - a scroll of identify {unknown}
 g - a scroll of acquirement {unknown}
 i - a scroll of summoning {unknown}
 j - a scroll of vulnerability {unknown}
 o - 2 scrolls of magic mapping {unknown}
Potions
 d - a potion of might
 l - a potion of invisibility {unknown}
 m - a potion of haste {unknown}
 p - a potion of resistance {unknown}


   Skills:
 + Level 3.3 Fighting
 * Level 2.6 Polearms
 - Level 2.6 Armour
 * Level 3.3 Shields


You had 2 spell levels left.
You didn't know any spells.
Your spell library contained the following spells:

 Spells                   Type           Power      Damage    Failure   Level
 Ignite Poison            Fire/Tmut/Pois 0%         N/A       99%         3
 Kindle Blastsparks       Fire/Tloc/Air  0%         2d10      99%         3
 Freezing Cloud           Conj/Ice/Air   0%         6-21      100%        5


Dungeon Overview and Level Annotations

Branches:
Dungeon (2/15)

Altars:

Annotations:
D:2 Crazy Yiuf


Innate Abilities, Weirdness & Mutations

You are partially covered in icy blue scales. (AC +2)
You are partially covered in sharp spines.


Message History

Found a stone staircase leading down.
No target in view!
Found a stone staircase leading up.
There is a stone staircase leading down here.
Found a robe.
You see here a +0 robe.
There is a fountain of clear blue water here.
There is an open door here.
There is an open door here.
There is an open door here.
Crazy Yiuf shouts!
Crazy Yiuf yells, "Whippet fast Orb Guardian!"
Could not explore, unopened runed door.
Could not explore, unopened runed door.
As you open the door, it creaks loudly!
You reach to attack!
You hit Crazy Yiuf.
Crazy Yiuf is moderately wounded.
You barely miss Crazy Yiuf.
Crazy Yiuf is moderately wounded.
Crazy Yiuf is struck by your spines.
Crazy Yiuf hits you with a +2 quarterstaff of chaos.
You are poisoned.
You hit Crazy Yiuf.
Crazy Yiuf is severely wounded.
You feel very sick.
Crazy Yiuf grits, "Key agre sizzlefizz!"
Crazy Yiuf hits you with a +2 quarterstaff of chaos!
You are lethally poisoned!
Crazy Yiuf hits you with a +2 quarterstaff of chaos.
Space warps around you.
* * * LOW HITPOINT WARNING * * *
You are too injured to fight recklessly!
It was a potion of flight.
You feel very buoyant.
You fly up into the air.
* * * LOW HITPOINT WARNING * * *
You feel very sick. Crazy Yiuf is struck by your spines.
Crazy Yiuf hits you with a +2 quarterstaff of chaos!
You die...

#.#..#.#....#.#.#
#.........
#.#..#.####.#.#.#
#####.#+#.
#.####......#.#.#
#.#+#.
#.#..############
#####..... ####'#..#
#...#..... ........#
###.#.....
........#### ###
#.....[...
..........P## ###..)#
#.........
............####@g...#
#.........
...........P.#..##...#
#.........
##.....#....#.### ###
###'#.....
#.....########
#.....#.#. ##.....#
#.....#.#. .......#
#########.....#.##
.....###
#.##..........#.#
.....#
#.##..........#.#
.....#
#.##..........#.#


You could see Crazy Yiuf.

Vanquished Creatures
  An adder (D:2)
  2 worms (D:2)
  A dart slug (D:1)
  5 ball pythons
  2 bats (D:1)
  An endoplasm (D:1)
  4 hobgoblins (D:2)
  3 jackals (D:1)
  3 quokkas (D:1)
  2 goblins
  2 kobolds (D:1)
  A rat (D:1)
27 creatures vanquished.

Notes
Turn   | Place    | Note
-------+----------+-------------------------------------------
     0 | D:1      | Bnni the Demonspawn Fighter began the quest for the Orb.
     0 | D:1      | Reached XP level 1. HP: 18/18 MP: 1/1
   212 | D:1      | Gained mutation: You are partially covered in icy blue
                  | scales. (AC +2) [demonic ancestry]
   212 | D:1      | Reached XP level 2. HP: 24/24 MP: 2/2
   334 | D:1      | Found a faded altar of an unknown god.
   968 | D:2      | Gained mutation: You are partially covered in sharp spines.
                  | [demonic ancestry]
   968 | D:2      | Reached XP level 3. HP: 21/29 MP: 3/3
  1317 | D:2      | Found a runed translucent door.
  1318 | D:2      | Noticed Crazy Yiuf
  1561 | D:2      | Mangled by Crazy Yiuf

Illustrated notes

Levels and vault maps discovered:
D:1:      dpeg_arrival_long_road, layout_basic, ebering_ecumenical_altar_box,
          minmay_misc_feat_ornament
D:2:      cheibrodos_helix_gallery, layout_basic, uniq_crazy_yiuf_cottage

Skill      XL: |  1  2 |
---------------+-------+-----
Polearms       | 2 |  2.6
Shields        | 3 |  3.3
Fighting       | |  3.3
Armour         | |  2.6

Action                     || total
---------------------------++-------
  Melee: Trident           ||    98
    Use: Potion            ||     1
 Armour: Scale mail        ||    53
  Dodge: Dodged            ||    56
  Block: Buckler           ||    23

Table legend: (Time is in decaauts)
 A = Elapsed time spent in this place.
 B = Non-inter-level travel time spent in this place.
 C = Inter-level travel time spent in this place.
 D = Time resting spent in this place.
 E = Time spent auto-exploring this place.
 F = Levels seen in this place.
 G = Mean time per level.
                   A        B        C        D        E       F      G
               +--------+--------+--------+--------+--------+-----+--------+
         Total |   1583 |   1529 |     54 |      0 |   1313 |   2 |  791.5 |
       Dungeon |   1583 |   1529 |     54 |      0 |   1313 |   2 |  791.5 |
               +--------+--------+--------+--------+--------+-----+--------+

Top non-repeatable levels by time:
     D:2: 804 daAuts
     D:1: 778 daAuts
